 Dungeon Crawl Stone Soup version 0.25-a0-513-ge77a69270c (webtiles) character file.

Game seed: 4853358150064612392, levelgen mode: deterministic

148 kae the Insei (level 5, -7/61 HPs)
             Began as a Demonspawn Gladiator on Feb 16, 2020.
             Killed by divine providence
             ... invoked by an orc priest
              (11 damage)
             ... on level 3 of the Dungeon.
             The game lasted 00:02:28 (2798 turns).

kae the Insei (Demonspawn Gladiator)                Turns: 2798, Time: 00:02:29

Health: -7/61      AC: 22    Str: 14    XL:     5   Next: 8%
Magic:  5/5        EV:  2    Int: 10    God:
Gold:   145        SH:  0    Dex: 15    Spells: 4/4 levels left

rFire    . . .     SeeInvis .     - Unarmed
rCold    . . .     Gourm    .   (no shield)
rNeg     + + +     Faith    .   (armour currently unavailable)
rPois    +         Spirit   .   (helmet currently unavailable)
rElec    .         Reflect  .   (cloak currently unavailable)
rCorr    .         Harm     .   (gloves currently unavailable)
MR       .....     NoTele   +   (boots currently unavailable)
Stlth    +.........             (no amulet)
HPRegen  0.20/turn              (no ring)
MPRegen  0.09/turn              (no ring)

@: tree-form
A: no striking features
a: no special abilities


You were on level 3 of the Dungeon.
You were not hungry.
You were a tree.
You visited 1 branch of the dungeon, and saw 3 of its levels.
You also visited: Sewer.

You collected 145 gold pieces.

Inventory:

Missiles
 c - 3 throwing nets (quivered)
Armour
 a - a +0 leather armour (melded)
 b - a +0 helmet (melded)
Scrolls
 h - 3 scrolls of remove curse
 q - 2 scrolls of fear
 r - a scroll of teleportation
Potions
 e - a potion of lignification
 f - a potion of agility
 g - 3 potions of heal wounds {unknown}
 i - 2 potions of might
 j - 3 potions of curing {unknown}
 k - a potion of cancellation
 l - 3 potions of brilliance
 m - 2 potions of resistance {unknown}
 n - 3 potions of magic {unknown}
 o - 2 potions of flight {unknown}
 p - 2 potions of berserk rage {unknown}
Comestibles
 d - 9 rations


   Skills:
 + Level 3.4 Fighting
 - Level 1.7 Throwing
 - Level 2.6 Dodging
 * Level 4.6 Unarmed Combat


You had 4 spell levels left.
You didn't know any spells.
Your spell library contained the following spells:

 Spells                   Type           Power        Failure   Level  Hunger
 Confusing Touch          Hex            #.......     75%         3    ####...
 Gell's Gravitas          Tloc           #.........   75%         3    ####...
 Petrify                  Tmut/Erth      #.......     98%         4    #####..
 Metabolic Englaciation   Hex/Ice        #.........   100%        5    ######.
 Yara's Violent Unravell  Hex/Tmut       #.........   100%        5    ######.


Dungeon Overview and Level Annotations

Branches:
Dungeon (3/15)              Sewer (visited)

Altars:
Qazlal
Ru


Innate Abilities, Weirdness & Mutations

((You have sharp fingernails.))
((You are mostly covered in sharp spines.))


Message History

Okay, then.
Really quaff the potion of lignification?
You turn into a tree.
Your +0 helmet melds into your body.
Your +0 leather armour melds into your body.
Your roots penetrate the ground.
The orc hits you but does no damage. The orc priest hits you.
You hit the orc priest but do no damage.
The orc priest is lightly wounded.
The orc priest mumbles some strange prayers to Beogh against you.
Beogh smites you!
* * * LOW HITPOINT WARNING * * *
The orc hits you but does no damage.
You barely miss the orc priest.
The orc priest is lightly wounded.
The orc priest barely misses you. The orc hits you but does no damage.
You barely miss the orc priest.
The orc priest is lightly wounded.
The orc priest mumbles some strange prayers to Beogh against you.
Beogh smites you!
You die...

# #.........#***,>,,,,,,,,*,*, #
##.#######.#..,,,,,,,,,,**,**
#####...####**.#.##***,****,**,,,
.............,....,,,,,* *,*****
....#...#####*#..#****** *,*
.##.##.## #..# *******,*****
.##.##.# #..# *,,,,,,,,,,,,
....##.########.o####.##***,*****
.#....#........)♣oo.....,,,,*
.....#.##############.##*********
....##.# *,* *,,,, .##.##.# *,*
*,*** ....##.##### *,* *,*
######.....# #.# *,** # #.###.#*
#.# *,,* #****######## #.# **,*
#*,,,***##_##* #.# *,*


You could see an orc priest and 2 orcs.

Vanquished Creatures
  A gnoll (D:1)
  8 adders
  An ooze (D:1)
  3 dart slugs
  3 leopard geckos
  2 orcs (D:3)
  2 bats
  2 giant cockroaches
  6 goblins
  5 hobgoblins
  5 kobolds
  7 ball pythons
  5 frilled lizards
  8 rats
58 creatures vanquished.

Notes
Turn   | Place    | Note
-------+----------+-------------------------------------------
     0 | D:1      | kae the Demonspawn Gladiator began the quest for the Orb.
     0 | D:1      | Reached XP level 1. HP: 16/16 MP: 1/1
   192 | D:1      | Reached skill level 3 in Unarmed Combat
   202 | D:1      | Gained mutation: You are partially covered in sharp spines.
                  | [demonic ancestry]
   202 | D:1      | Reached XP level 2. HP: 15/23 MP: 2/2
   430 | D:1      | Reached XP level 3. HP: 7/28 MP: 3/3
   965 | D:2      | Found a stormy altar of Qazlal.
  1291 | D:2      | Reached skill level 4 in Unarmed Combat
  1291 | D:2      | Gained mutation: You have sharp fingernails. [demonic
                  | ancestry]
  1291 | D:2      | Reached XP level 4. HP: 34/35 MP: 4/4
  1858 | D:3      | Found a glowing drain.
  1946 | Sewer    | Entered a sewer
  2360 | Sewer    | Gained mutation: You are mostly covered in sharp spines.
                  | [demonic ancestry]
  2360 | Sewer    | Reached XP level 5. HP: 40/41 MP: 5/5
  2769 | D:3      | Found a sacrificial altar of Ru.
  2798 | D:3      | Killed from afar by an orc priest

Levels and vault maps discovered:
D:1:      minmay_arrival_nine_rooms, layout_rooms
D:2:      kennysheep_big_flooded_room, layout_basic,
          nicolae_overflow_crystal_walls, kennysheep_generic_room_8
D:3:      layout_loops_ring, nicolae_overflow_hidden_temple,
          portal_sewer_entry_d, first_ration

Skill      XL: |  1  2  3 |
---------------+----------+-----
Unarmed Combat | 3 4 |  4.6
Fighting       | 3 |  3.4
Throwing       | |  1.7
Dodging        | |  2.6

Action                   |  1- 3 |  4- 6 || total
-------------------------+-------+-------++-------
Melee: Unarmed           |    78 |    64 ||   142
       Punch             |     1 |     1 ||     2
  Use: Scroll            |       |    11 ||    11
       Potion            |       |     1 ||     1
  Eat: Chunk             |       |     6 ||     6
Armor: Leather armour    |    21 |     9 ||    30
       Skin              |       |     2 ||     2
Dodge: Dodged            |    49 |    25 ||    74

Table legend:
 A = Non-vault XP
 B = Vault XP
 C = Vault XP percentage of total XP
 D = Non-vault monster count
 E = Vault monster count
 F = Vault count percentage of total count
                 A         B        C        D         E       F
            +---------+---------+-------+---------+---------+-------
      Total |     157 |      55 |  25.9 |      42 |      16 |  27.6
            +---------+---------+-------+---------+---------+-------
        D:1 |      53 |       0 |   0.0 |      19 |       0 |   0.0
        D:2 |      79 |       6 |   7.1 |      17 |       4 |  19.0
        D:3 |      25 |      13 |  34.2 |       6 |       1 |  14.3
      Sewer |       0 |      36 | 100.0 |       0 |      11 | 100.0
            +---------+---------+-------+---------+---------+-------
